[Event "Titled Tuesday Blitz November 29 Early 2022"]
[White "Nguyen, Thai Dai Van"]
[Black "Dushyant Sharma"]
[WhiteFideId "358878"]
[BlackFideId "25065130"]
[WhiteElo "2534"]
[BlackElo "2270"]
[Result "1-0"]
[Round "07"]
[TimeControl "180+1"]
[Date "2022.11.30"]
[WhiteClock "0:01:03"]
[BlackClock "0:00:05"]

1. d4 d5 2. c4 e6 3. Nc3 c6 4. e3 Bd6 5. Nf3 f5 6. Ne5 Nf6 7. f4 O-O 8. Be2 Ne4 9. O-O Nd7 10. Nxe4 fxe4 11. Qc2 Nxe5 12. dxe5 Bc7 13. a3 b6 14. cxd5 cxd5 15. Bd2 Bb7 16. Bb4 Rf7 17. Bg4 Qd7 18. Rac1 a5 19. Qxc7 Qxc7 20. Rxc7 Rxc7 21. Bxe6+ Kh8 22. Bc3 Re8 23. f5 Ba6 24. Rd1 h6 25. Rxd5 Bc4 26. Rd7 Rec8 27. Rxc7 Rxc7 28. Bxc4 Rxc4 29. Kf2 Kg8 30. Kg3 Kf7 31. h4 g6 32. e6+ Ke7 33. fxg6 Kxe6 34. Kf4 b5 35. g4 b4 36. axb4 axb4 37. Bg7 Rc2 38. Kxe4 Rg2 39. Kf3 Rh2 40. h5 b3 41. Kg3 Re2 42. g5 hxg5 43. h6 Rxe3+ 44. Kf2 Rh3 45. h7 Kf5 46. h8=Q Rxh8 47. Bxh8 Kxg6 48. Ke3 Kf5 49. Kd3 g4 50. Bd4 g3 51. Kc3 Ke4 52. Bg1 Kf3 53. Kxb3 Ke4 54. Ka4 1-0


[Site "https://www.chess.com"]

[Event "Titled Tuesday Blitz November 29 Early 2022"]
[White "Omariev, Maksim"]
[Black "Nugumanov, Bakhtiyar"]
[WhiteFideId "4193423"]
[BlackFideId "13701797"]
[WhiteElo "2407"]
[BlackElo "2287"]
[Result "1-0"]
[Round "07"]
[TimeControl "180+1"]
[Date "2022.11.30"]
[WhiteClock "0:00:43"]
[BlackClock "0:00:11"]

1. e4 c6 2. d4 d5 3. exd5 cxd5 4. Bd3 Nc6 5. c3 g6 6. h3 Bf5 7. Bxf5 gxf5 8. Ne2 e6 9. Bf4 Bd6 10. Nd2 Nge7 11. Qb3 Ng6 12. Bxd6 Qxd6 13. Nf3 O-O 14. O-O-O a5 15. Kb1 a4 16. Qc2 b5 17. a3 Rfc8 18. Qd3 Na5 19. g4 f4 20. h4 e5 21. dxe5 Nxe5 22. Nxe5 Qxe5 23. Rhe1 Rc5 24. Nd4 Qf6 25. g5 Qg6 26. Nf5 Nc6 27. h5 Qxh5 28. Rh1 Qg6 29. Rh6 Qxg5 30. Rdh1 Ne5 31. Qh3 Ng4 32. Rh5 Qf6 33. Qxg4+ Kf8 34. Rxh7 1-0


[Site "https://www.chess.com"]

[Event "Titled Tuesday Blitz November 29 Early 2022"]
[White "Oparin, Grigoriy"]
[Black "Postny, Evgeny"]
[WhiteFideId "24125890"]
[BlackFideId "2804344"]
[WhiteElo "2639"]
[BlackElo "2476"]
[Result "1-0"]
[Round "07"]
[TimeControl "180+1"]
[Date "2022.11.30"]
[WhiteClock "0:00:16"]
[BlackClock "0:00:08"]

1. e4 e5 2. Nf3 Nc6 3. Bb5 a6 4. Ba4 Nf6 5. Nc3 b5 6. Bb3 Be7 7. d3 d6 8. a3 O-O 9. Nd5 Be6 10. Bg5 Na5 11. Ba2 c6 12. Nxe7+ Qxe7 13. b4 Nb7 14. O-O Nd8 15. c4 a5 16. cxb5 Bxa2 17. Rxa2 axb4 18. Qb3 Qe6 19. Rb1 Qxb3 20. Rxb3 c5 21. Bxf6 gxf6 22. Rbb2 bxa3 23. Rb3 Ne6 24. Raxa3 Rxa3 25. Rxa3 Rb8 26. Rb3 Rb6 27. g3 Nc7 28. Nd2 Rxb5 29. Ra3 Rb7 30. Nc4 Nb5 31. Ra8+ Kg7 32. Rd8 Ra7 33. Ne3 Nd4 34. Rxd6 Ra3 35. Rd8 h6 36. Rd5 Rxd3 37. Rxc5 Rd2 38. Kg2 Kg6 39. h4 h5 40. Rc8 Kg7 41. Rd8 Ra2 42. Rd6 Re2 43. Nd5 f5 44. exf5 Nxf5 45. Ra6 Rd2 46. Nf6 Ne3+ 47. Kf3 Ng4 48. Nxh5+ 1-0


[Site "https://www.chess.com"]

[Event "Titled Tuesday Blitz November 29 Early 2022"]
[White "Orzech, Dominik"]
[Black "Tarasova, Viktoriya"]
[WhiteFideId "1115065"]
[BlackFideId "4175840"]
[WhiteElo "2272"]
[BlackElo "2182"]
[Result "0-1"]
[Round "07"]
[TimeControl "180+1"]
[Date "2022.11.30"]
[WhiteClock "0:00:01"]
[BlackClock "0:00:10"]

1. Nf3 Nf6 2. c4 e6 3. Nc3 d5 4. d4 b6 5. Bg5 Bb7 6. cxd5 exd5 7. Qc2 Be7 8. e3 O-O 9. Bd3 c5 10. O-O h6 11. Bf4 Nbd7 12. Rfd1 c4 13. Bf5 a6 14. a4 Re8 15. Ne5 Bb4 16. Nxd7 Nxd7 17. e4 Bxc3 18. bxc3 dxe4 19. Rab1 Nf6 20. Be5 e3 21. fxe3 Nd5 22. Re1 Qg5 23. e4 Ne3 24. Qd2 Nxf5 25. Qxg5 hxg5 26. exf5 f6 27. Bc7 Rxe1+ 28. Rxe1 Bc6 29. Ra1 b5 30. axb5 Bxb5 31. Bd6 Re8 32. h3 Kf7 33. Bb4 Re2 34. Kf1 Rd2 35. Re1 Ra2 36. Re7+ Kg8 37. Ra7 Bc6 38. g3 Bg2+ 39. Ke1 Bxh3 40. d5 Bxf5 41. d6 Rg2 42. d7 Bxd7 43. Rxd7 Rxg3 44. Rd8+ Kh7 45. Kf2 Rh3 46. Rd7 Kg6 47. Bf8 Rxc3 48. Rxg7+ Kf5 49. Ra7 Rc2+ 50. Ke3 g4 51. Kd4 c3 52. Rg7 Rg2 53. Kd3 c2 54. Ba3 a5 55. Bc1 g3 0-1


[Site "https://www.chess.com"]

[Event "Titled Tuesday Blitz November 29 Early 2022"]
[White "Osinovsky, Stepan"]
[Black "Sanchez, Robert"]
[WhiteFideId "4157354"]
[BlackFideId "2034360"]
[WhiteElo "2222"]
[BlackElo "2329"]
[Result "1-0"]
[Round "07"]
[TimeControl "180+1"]
[Date "2022.11.30"]
[WhiteClock "0:00:42"]
[BlackClock "0:01:30"]

1. Nf3 d5 2. g3 Nc6 3. Bg2 e5 4. O-O f6 5. c4 d4 6. e3 d3 7. Nc3 f5 8. e4 Nf6 9. Re1 Bd6 10. a3 a5 11. b3 O-O 12. Bb2 fxe4 13. Nxe4 Nxe4 14. Rxe4 Bf5 15. Re1 e4 16. Nh4 Bc5 17. Nxf5 Rxf5 18. Qg4 Qf8 19. Bxe4 Rxf2 20. Kh1 Re8 21. Bxh7+ Kxh7 22. Qh5+ 1-0


[Site "https://www.chess.com"]

[Event "Titled Tuesday Blitz November 29 Early 2022"]
[White "Ovchinnikov, Vsevolod"]
[Black "Remizov, Yaroslav"]
[WhiteFideId "24176842"]
[BlackFideId "34134015"]
[WhiteElo "2376"]
[BlackElo "2414"]
[Result "1-0"]
[Round "07"]
[TimeControl "180+1"]
[Date "2022.11.30"]
[WhiteClock "0:00:27"]
[BlackClock "0:00:06"]

1. Nf3 Nf6 2. c4 b6 3. g3 Bb7 4. Bg2 e6 5. b3 Be7 6. Bb2 O-O 7. O-O c5 8. e3 d5 9. Qe2 dxc4 10. bxc4 Nbd7 11. Nc3 Qc7 12. Ne1 Bxg2 13. Nxg2 Qc6 14. d3 Ne5 15. f4 Ng6 16. g4 Rfd8 17. g5 Ne8 18. h4 f5 19. h5 Nf8 20. e4 Qd7 21. Rad1 a6 22. a4 Nd6 23. Rfe1 Re8 24. Ba1 Nb7 25. Qb2 e5 26. Nd5 Bd6 27. Nxb6 Qd8 28. Nxa8 Qxa8 29. exf5 1-0


[Site "https://www.chess.com"]

[Event "Titled Tuesday Blitz November 29 Early 2022"]
[White "Pakleza, Zbigniew"]
[Black "Jiganchine, Roman"]
[WhiteFideId "1119290"]
[BlackFideId "2603667"]
[WhiteElo "2411"]
[BlackElo "2317"]
[Result "1-0"]
[Round "07"]
[TimeControl "180+1"]
[Date "2022.11.30"]
[WhiteClock "0:00:26"]
[BlackClock "0:00:04"]

1. d4 d5 2. Bf4 Nf6 3. e3 e6 4. Nd2 c5 5. c3 Nc6 6. Ngf3 Bd6 7. Bg3 O-O 8. Bd3 Qe7 9. Ne5 Nd7 10. Nxd7 Qxd7 11. Qh5 g6 12. Qh6 e5 13. Nf3 f6 14. dxe5 Nxe5 15. Nxe5 fxe5 16. O-O-O Qg7 17. Qxg7+ Kxg7 18. Be4 d4 19. exd4 cxd4 20. cxd4 Bf5 21. Rhe1 Bb4 22. Bxe5+ Kh6 23. Re2 Rac8+ 24. Kb1 Bxe4+ 25. Rxe4 Rxf2 26. Rh4+ Kg5 27. Rxh7 Rcc2 28. d5 Bd6 29. Bd4 Rxg2 30. h4+ Kg4 31. Rxb7 a5 32. Rb6 Bc5 33. Rxg6+ Kh5 34. Rxg2 1-0


[Site "https://www.chess.com"]

[Event "Titled Tuesday Blitz November 29 Early 2022"]
[White "Papasimakopoulos, Alexandros"]
[Black "Ibarra Jerez, Jose Carlos"]
[WhiteFideId "4244125"]
[BlackFideId "2226332"]
[WhiteElo "2365"]
[BlackElo "2638"]
[Result "0-1"]
[Round "07"]
[TimeControl "180+1"]
[Date "2022.11.30"]
[WhiteClock "0:00:10"]
[BlackClock "0:00:48"]

1. d4 Nf6 2. c4 e6 3. Nc3 Bb4 4. Qc2 d5 5. cxd5 Qxd5 6. Nf3 Qf5 7. Qxf5 exf5 8. a3 Bd6 9. Nb5 Be6 10. Nxd6+ cxd6 11. Bf4 Ke7 12. e3 Nbd7 13. Nd2 Nb6 14. Bd3 Rac8 15. h4 Na4 16. b3 Nb2 17. Bc4 Nxc4 18. bxc4 Bxc4 19. Nxc4 Rxc4 20. Bg5 Rhc8 21. O-O Ke6 22. Bxf6 Kxf6 23. Rfb1 b6 24. a4 f4 25. exf4 Rxd4 26. a5 bxa5 27. Rxa5 Rxf4 28. g3 Rf5 29. Rxa7 Rc2 30. Rf1 Rd5 31. Ra3 h5 32. Rf3+ Rf5 33. Rxf5+ Kxf5 34. Rd1 Ke5 35. Re1+ Kf6 36. Rd1 Ke6 37. Re1+ Kd7 38. Kg2 Rc5 39. Kf3 Re5 40. Ra1 g6 41. Ra7+ Ke6 42. Ra6 Re1 43. Rb6 Ke5 44. Rb7 Kf6 45. Rb6 Re6 46. Ra6 Ke5 47. Ke3 Kf5+ 48. Kf3 Ke5 49. Ke3 d5 50. Ra7 f6 51. Rd7 Ra6 52. Re7+ Kf5 53. Rd7 Ra3+ 54. Ke2 Ke4 55. Re7+ Kf5 56. Rd7 Ke6 57. Rg7 Ra2+ 58. Ke3 Kf5 59. Rd7 Ra5 60. Rd8 Rb5 61. Rd6 Rb3+ 62. Ke2 Ke5 63. Rd7 d4 64. Re7+ Kf5 65. Rd7 Ke4 66. Re7+ Kf5 67. Rd7 Rb2+ 68. Kf3 Rd2 69. Rd8 Ke6 70. Rg8 Kf5 71. Rd8 d3 72. Ke3 Rd1 73. Rxd3 Rxd3+ 74. Kxd3 Kg4 75. Ke3 f5 76. Ke2 f4 77. gxf4 Kxf4 78. Kf1 Kg4 79. Kg2 Kxh4 80. f3 Kg5 81. Kg3 Kf5 82. f4 Ke4 83. Kh4 Kxf4 84. Kh3 g5 85. Kg2 g4 86. Kh2 h4 87. Kg1 Kg3 88. Kh1 h3 89. Kg1 Kf3 90. Kh1 Kf2 91. Kh2 g3+ 92. Kxh3 g2 93. Kh2 g1=Q+ 94. Kh3 Qg3# 0-1


[Site "https://www.chess.com"]

[Event "Titled Tuesday Blitz November 29 Early 2022"]
[White "Postnikov, Daniil"]
[Black "Molina, Roberto Junio Brito"]
[WhiteFideId "4166329"]
[BlackFideId "2109450"]
[WhiteElo "2261"]
[BlackElo "2388"]
[Result "1-0"]
[Round "07"]
[TimeControl "180+1"]
[Date "2022.11.30"]
[WhiteClock "0:00:04"]
[BlackClock "0:00:04"]

1. e4 c6 2. d4 d5 3. e5 Bf5 4. Nf3 e6 5. Be2 Nd7 6. O-O Bg6 7. Nbd2 Nh6 8. Nb3 Nf5 9. Bd2 Be7 10. g4 Nh4 11. Nxh4 Bxh4 12. f4 f5 13. exf6 Bxf6 14. g5 Be7 15. Bh5 Bxh5 16. Qxh5+ g6 17. Qg4 Kf7 18. Rae1 Nf8 19. Nc1 Bd6 20. Nd3 h5 21. gxh6 Qf6 22. Ne5+ Kg8 23. Nd7 Nxd7 24. Rxe6 Qf7 25. Rxg6+ Kf8 26. Rg7 Rg8 27. Rxf7+ Kxf7 28. Qg5 Rxg5+ 29. fxg5+ Kg6 30. h4 Rf8 31. Re1 Bg3 32. Re6+ Kh5 33. Re7 Nb6 34. h7 Kg6 35. h5+ Kxh5 36. Rg7 Bf2+ 37. Kg2 Bxd4 38. Bc3 Bxc3 39. bxc3 Rh8 40. g6 Nc8 41. Rg8 Ne7 42. Rxh8 Kxg6 43. Re8 1-0


[Site "https://www.chess.com"]

[Event "Titled Tuesday Blitz November 29 Early 2022"]
[White "Przybylski, Wojciech"]
[Black "Zhu, Jiner"]
[WhiteFideId "1117599"]
[BlackFideId "8608059"]
[WhiteElo "2221"]
[BlackElo "2384"]
[Result "0-1"]
[Round "07"]
[TimeControl "180+1"]
[Date "2022.11.30"]
[WhiteClock "0:00:13"]
[BlackClock "0:00:20"]

1. e4 e5 2. Nf3 Nc6 3. Bb5 a6 4. Ba4 d6 5. h3 Bd7 6. O-O g6 7. c3 Bg7 8. Re1 Nf6 9. d4 O-O 10. Bg5 h6 11. Bh4 Qe7 12. Nbd2 b5 13. Bb3 Na5 14. Bc2 c5 15. d5 c4 16. Nf1 Nb7 17. Ng3 Rfc8 18. Qd2 a5 19. a3 Nc5 20. Re2 g5 21. Nxg5 hxg5 22. Qxg5 Qe8 23. Re3 Nh7 24. Qh5 f6 25. Qe2 Bh6 26. Nf5 Bxf5 27. exf5 Bxe3 28. fxe3 Kh8 29. Kh2 Qf7 30. e4 Qg7 31. g4 Qh6 32. Bf2 Ng5 33. Qe3 Kh7 34. Re1 b4 35. axb4 axb4 36. h4 Nf7 37. cxb4 Qxe3 38. Rxe3 Na4 39. g5 Kg7 40. gxf6+ Kxf6 41. Rg3 Nxb2 42. Rg6+ Ke7 43. f6+ Kd7 44. Rg7 Rf8 45. Be3 Nd3 46. b5 Ra2 47. Rg2 Ne1 48. Re2 Rxc2 49. Rxc2 Nxc2 50. Bf2 Nd4 51. h5 c3 52. Be3 c2 53. h6 Nxb5 54. h7 Rh8 55. Kg2 Rxh7 56. Bd2 Nd4 57. Bc1 Nb3 58. Bb2 c1=Q 59. Bxc1 Nxc1 60. Kf2 Nd3+ 61. Ke3 Nc5 62. Kd2 Rh4 63. Kc3 Rxe4 64. Kc2 Kc7 65. Kc3 Kb6 66. Kc2 Ka5 67. Kc3 Kb5 68. Kc2 Kc4 69. Kd2 Rh4 70. Ke3 Rf4 71. Ke2 Kd4 72. Kd2 Rf2+ 73. Ke1 Ra2 74. Kf1 Ke3 75. Kg1 Kf3 76. Kh1 Kg3 77. Kg1 Ra1# 0-1


[Site "https://www.chess.com"]

[Event "Titled Tuesday Blitz November 29 Early 2022"]
[White "Radjabov, Teimour"]
[Black "Bethke, Richard"]
[WhiteFideId "13400924"]
[BlackFideId "12959243"]
[WhiteElo "2709"]
[BlackElo "2369"]
[Result "1-0"]
[Round "07"]
[TimeControl "180+1"]
[Date "2022.11.30"]
[WhiteClock "0:00:04"]
[BlackClock "0:00:03"]

1. d4 Nf6 2. c4 e6 3. Nf3 b6 4. a3 Ba6 5. Nc3 Bxc4 6. g3 Be7 7. Bg2 d5 8. Qa4+ Qd7 9. Qc2 Nc6 10. O-O O-O 11. Bf4 Bd6 12. Bg5 Be7 13. Rfc1 h6 14. Bf4 Bd6 15. b3 Ba6 16. b4 Bc4 17. Qd2 a5 18. b5 Ne7 19. Ne5 Bxe5 20. Bxe5 Ng4 21. Bf4 Ng6 22. a4 Rac8 23. Bf3 Nxf4 24. gxf4 Nf6 25. Kh1 c5 26. bxc6 Qxc6 27. Rg1 Ne4 28. Bxe4 dxe4 29. Qe3 Bd5 30. Rg3 f5 31. Nb5 Rf7 32. Rag1 Bc4 33. Nc3 Ba6 34. d5 exd5 35. Qd4 Rcc7 36. Nxd5 Rcd7 37. Qe5 Qxd5 38. Rxg7+ Kf8 39. Rg8# 1-0


[Site "https://www.chess.com"]

[Event "Titled Tuesday Blitz November 29 Early 2022"]
[White "Rangel, Daniel"]
[Black "Buksa, Nataliya"]
[WhiteFideId "2124475"]
[BlackFideId "14123622"]
[WhiteElo "2225"]
[BlackElo "2313"]
[Result "1-0"]
[Round "07"]
[TimeControl "180+1"]
[Date "2022.11.30"]
[WhiteClock "0:00:05"]
[BlackClock "0:00:01"]

1. d4 d5 2. c4 e6 3. Nc3 Nf6 4. cxd5 exd5 5. Bf4 c6 6. e3 Bd6 7. Bd3 Bxf4 8. exf4 O-O 9. Nf3 Bg4 10. h3 Bxf3 11. Qxf3 Re8+ 12. Kf1 Qb6 13. g4 Qxd4 14. g5 Ne4 15. Rd1 Qb4 16. Bxe4 dxe4 17. Qxe4 Qxe4 18. Nxe4 Na6 19. Nd6 Re7 20. Kg2 Rd8 21. Nxb7 Rxd1 22. Rxd1 h6 23. Na5 hxg5 24. fxg5 Re5 25. Nxc6 Rxg5+ 26. Kf3 Rf5+ 27. Ke3 Rh5 28. Rd8+ Kh7 29. Rd7 Rxh3+ 30. f3 Rh2 31. Rxa7 Nc5 32. b4 Ne6 33. b5 f5 34. b6 Rb2 35. b7 f4+ 36. Ke4 Nc5+ 37. Kxf4 Nxb7 38. a4 Kh6 39. a5 g5+ 40. Kg3 Nc5 41. Nd4 Ra2 42. Nf5+ Kg6 43. Ne7+ Kh5 44. Ng8 Ra3 45. Nf6+ Kg6 46. Ng4 Ra2 47. Ra8 Ne6 48. Ra6 Kf7 49. Ne5+ Ke7 50. Ng6+ Kf7 51. Ne5+ Kf6 52. Nd7+ Ke7 53. Ne5 Nd4 54. Ng6+ Ke8 55. Ne5 Ra4 56. f4 gxf4+ 57. Kxf4 Ne2+ 58. Kf5 Rf4+ 59. Ke6 Nd4+ 60. Kd6 Nb5+ 61. Kc5 Nc7 62. Ra7 Kd8 63. Nc6+ Kc8 64. Ne7+ Kb8 65. Rxc7 Ra4 66. Rc6 Rxa5+ 67. Kb6 Ra1 68. Rc8# 1-0


[Site "https://www.chess.com"]

[Event "Titled Tuesday Blitz November 29 Early 2022"]
[White "Reprintsev, Alexander"]
[Black "Jakubowski, Krzysztof"]
[WhiteFideId "14100541"]
[BlackFideId "1112848"]
[WhiteElo "2230"]
[BlackElo "2373"]
[Result "1/2-1/2"]
[Round "07"]
[TimeControl "180+1"]
[Date "2022.11.30"]
[WhiteClock "0:00:12"]
[BlackClock "0:00:12"]

1. e4 c5 2. b3 b6 3. d4 cxd4 4. Qxd4 Nc6 5. Qd2 Nf6 6. Nc3 e6 7. Bb2 Bb4 8. f3 O-O 9. a3 Bc5 10. O-O-O Qe7 11. b4 Bxg1 12. Rxg1 Rd8 13. Qd6 Qxd6 14. Rxd6 Kf8 15. Bb5 Bb7 16. Rgd1 Ke7 17. f4 Rac8 18. e5 Ng4 19. h3 Ne3 20. R1d2 a6 21. Bd3 a5 22. b5 Na7 23. Rxb6 Rb8 24. a4 Nc8 25. Ba3+ Ke8 26. Rxb7 Rxb7 27. Ne4 f5 28. exf6 gxf6 29. Nxf6+ Kf7 30. Ne4 d5 31. Ng5+ Kg8 32. Nxe6 Re8 33. Nc5 Rc7 34. Re2 Kf7 35. Bxh7 Nb6 36. Bd3 Nbc4 37. Bxc4 Nxc4 38. Rxe8 Kxe8 39. Na6 Rg7 40. Bc5 Kd7 41. g4 Rh7 42. c3 Rxh3 43. Bd4 Rg3 44. g5 Rg2 45. Nc5+ Kc8 46. Nb3 Rg4 47. Nd2 Rxf4 48. Nxc4 dxc4 49. g6 Rg4 50. g7 Rg2 51. Kd1 Kd7 52. Ke1 Ke6 53. b6 Kf7 54. Be5 Rb2 55. Kd1 Rxb6 56. Kd2 Rb3 57. Bc7 Ra3 58. Bxa5 Rxa4 59. Bb4 Ra8 60. Bf8 Rd8+ 61. Kc2 Rd3 62. Kb2 Rf3 63. Kc2 Rh3 64. Kb2 Rg3 65. Kc2 Ke6 66. Kb2 Kd5 67. Ka3 Ke4 68. Kb4 Kd3 69. Kc5 Kxc3 70. Kd5 Kd3 71. Ke6 c3 72. Kf7 c2 73. Ba3 Rf3+ 74. Ke7 Re3+ 75. Kf7 Rg3 76. g8=Q Rxg8 77. Kxg8 Kd2 78. Kf7 c1=Q 79. Bxc1+ 1/2-1/2


[Site "https://www.chess.com"]

[Event "Titled Tuesday Blitz November 29 Early 2022"]
[White "Rian, Kapriaga"]
[Black "Korkmaz, Necmettin"]
[WhiteFideId "7103263"]
[BlackFideId "6303285"]
[WhiteElo "2206"]
[BlackElo "2094"]
[Result "1-0"]
[Round "07"]
[TimeControl "180+1"]
[Date "2022.11.30"]
[WhiteClock "0:00:05"]
[BlackClock "0:00:58"]

1. d4 d5 2. Nf3 Nf6 3. Bf4 c5 4. e3 Nc6 5. Nbd2 Qb6 6. dxc5 Qxb2 7. Rb1 Qc3 8. Bb5 g6 9. O-O Bg7 10. Ne5 Bd7 11. Nxd7 Nxd7 12. Nb3 Nf6 13. Qd3 Qxd3 14. cxd3 O-O 15. Bxc6 bxc6 16. Na5 Rfc8 17. Rb7 Nh5 18. Bc7 d4 19. e4 Nf6 20. Nxc6 Kf8 21. Nxa7 Re8 22. Bb6 Ng4 23. a4 Ne5 24. a5 Nxd3 25. Rd1 Nb2 26. Rb1 Nc4 27. c6 d3 28. Kf1 Bh6 29. Rd1 d2 30. Ke2 Nb2 31. c7 Nxd1 32. Kxd1 Bg5 33. g3 e5 34. h4 Bh6 35. Nb5 Rec8 36. Nd6 Ke7 37. Nxc8+ Rxc8 38. a6 Kd7 39. a7 f5 40. Rb8 fxe4 41. Rxc8 Kxc8 42. a8=Q+ Kd7 43. Qxe4 1-0


[Site "https://www.chess.com"]

[Event "Titled Tuesday Blitz November 29 Early 2022"]
[White "Rios Escobar, Adan"]
[Black "Kiseljova, Marya"]
[WhiteFideId "3403645"]
[BlackFideId "4155009"]
[WhiteElo "2309"]
[BlackElo "1907"]
[Result "1-0"]
[Round "07"]
[TimeControl "180+1"]
[Date "2022.11.30"]
[WhiteClock "0:00:24"]
[BlackClock "0:00:02"]

1. d4 d5 2. c4 e6 3. Nf3 Nf6 4. g3 dxc4 5. Bg2 Be7 6. O-O Nbd7 7. Qc2 Nb6 8. a4 a5 9. Na3 O-O 10. Nxc4 Nfd5 11. e4 Nb4 12. Qe2 Nxc4 13. Qxc4 b6 14. Rd1 Ba6 15. Qc3 Rc8 16. Bf4 c6 17. Ne5 g5 18. Be3 Qc7 19. Nc4 Rfd8 20. b3 Bf6 21. e5 Be7 22. Nd6 Bxd6 23. exd6 Qxd6 24. Bxg5 Rd7 25. Bf6 Nd5 26. Bxd5 exd5 27. Be5 Qg6 28. b4 axb4 29. Qxb4 c5 30. Qd2 c4 31. Rac1 Ra7 32. Qb4 Bb7 33. Rb1 c3 34. Rdc1 c2 35. Rb2 Rca8 36. Qxb6 Qd3 37. Rbxc2 Ba6 38. Qf6 1-0


[Site "https://www.chess.com"]

[Event "Titled Tuesday Blitz November 29 Early 2022"]
[White "Roman, Rodrigo"]
[Black "Mohammed, Zozek Salah Mohammed"]
[WhiteFideId "3701220"]
[BlackFideId "4803361"]
[WhiteElo "1995"]
[BlackElo "2199"]
[Result "1-0"]
[Round "07"]
[TimeControl "180+1"]
[Date "2022.11.30"]
[WhiteClock "0:00:18"]
[BlackClock "0:00:05"]

1. e4 c5 2. Nf3 d6 3. d4 cxd4 4. Nxd4 Nf6 5. Nc3 a6 6. Bg5 e6 7. f4 Be7 8. Qf3 O-O 9. O-O-O Qc7 10. Bd3 Nc6 11. Nxc6 bxc6 12. g4 Rb8 13. e5 dxe5 14. fxe5 Nd5 15. Bxe7 Qxe7 16. Qh3 g6 17. Ne4 Qc7 18. Ng5 f6 19. Nf3 fxe5 20. Ng5 c5 21. Bc4 Qe7 22. Ne4 Rf4 23. Rhe1 Bb7 24. g5 Rbf8 25. Bxd5 exd5 26. Nf6+ R4xf6 27. gxf6 Qxf6 28. Qc3 e4 29. Qxc5 Qf4+ 30. Rd2 Rf7 31. Qd4 Bc6 32. b3 a5 33. Kb2 a4 34. Re3 Qd6 35. bxa4 Qd7 36. a5 Rf5 37. a6 Qc8 38. a7 Qb7+ 39. Rb3 1-0


[Site "https://www.chess.com"]

[Event "Titled Tuesday Blitz November 29 Early 2022"]
[White "Roque Sola, Gisela"]
[Black "Iinuma, Paul Y"]
[WhiteFideId "5120241"]
[BlackFideId "2031809"]
[WhiteElo "1961"]
[BlackElo "2066"]
[Result "0-1"]
[Round "07"]
[TimeControl "180+1"]
[Date "2022.11.30"]
[WhiteClock "0:00:11"]
[BlackClock "0:00:37"]

1. e4 g6 2. d4 Bg7 3. Be3 d6 4. Qd2 Nf6 5. Nc3 Ng4 6. Bg5 h6 7. Bh4 g5 8. Bg3 Nc6 9. f3 Nf6 10. Bc4 Nh5 11. Bf2 e5 12. Nge2 a6 13. O-O-O Bd7 14. h4 g4 15. f4 g3 16. Be3 Bg4 17. dxe5 dxe5 18. Qxd8+ Rxd8 19. Rxd8+ Nxd8 20. fxe5 b5 21. Bd3 Ne6 22. a4 c6 23. axb5 axb5 24. Nd4 Nxd4 25. Bxd4 Nf4 26. Be3 Nxg2 27. Bc5 Bxe5 28. Nd1 Nf4 29. Rg1 Ne6 30. Be3 Bf3 31. Bf1 Bxe4 32. Bh3 Rg8 33. Bxh6 Nd4 34. Nc3 f5 35. Be3 Nf3 36. Rg2 b4 37. Nxe4 fxe4 38. h5 Nh4 39. Rg1 g2 40. Be6 Rf8 41. Bc4 Bh2 42. h6 Bxg1 43. Bxg1 Rf1+ 44. Kd2 Rxg1 45. h7 Ng6 0-1


[Site "https://www.chess.com"]

[Event "Titled Tuesday Blitz November 29 Early 2022"]
[White "Roque Sola, Jose Luis"]
[Black "Rose, Felix"]
[WhiteFideId "5120390"]
[BlackFideId "5105722"]
[WhiteElo "2117"]
[BlackElo "2039"]
[Result "0-1"]
[Round "07"]
[TimeControl "180+1"]
[Date "2022.11.30"]
[WhiteClock "0:00:01"]
[BlackClock "0:00:10"]

1. c4 e6 2. Nf3 Nf6 3. g3 d5 4. b3 Be7 5. Bg2 b6 6. Bb2 Bb7 7. O-O dxc4 8. bxc4 c5 9. d3 O-O 10. Nbd2 Nbd7 11. Qc2 Re8 12. Rad1 Rc8 13. Qb1 Bf8 14. Bc3 e5 15. Qb2 Qc7 16. Rb1 e4 17. Nxe4 Nxe4 18. dxe4 Bxe4 19. Rbd1 Qc6 20. Rd2 Nb8 21. Rfd1 h6 22. Ne1 Bxg2 23. Nxg2 Re4 24. Ne3 Qe6 25. Rd8 Nc6 26. Rxc8 Qxc8 27. Qc2 Qe6 28. Qd3 g6 29. Qd5 Bg7 30. Qxe6 Rxe6 31. Bxg7 Kxg7 32. Kf1 Re4 33. Rd3 Na5 34. Rc3 f5 35. f3 Rd4 36. Kf2 Kf6 37. f4 g5 38. Kf3 g4+ 39. Kf2 h5 40. Nd5+ Kf7 41. Re3 Nxc4 42. Re7+ Kf8 0-1


[Site "https://www.chess.com"]

[Event "Titled Tuesday Blitz November 29 Early 2022"]
[White "Sadubayev, Airat"]
[Black "Kezin, Roman"]
[WhiteFideId "13713264"]
[BlackFideId "24124621"]
[WhiteElo "2160"]
[BlackElo "2501"]
[Result "1-0"]
[Round "07"]
[TimeControl "180+1"]
[Date "2022.11.30"]
[WhiteClock "0:00:07"]
[BlackClock "0:00:02"]

1. d4 c6 2. c4 d6 3. Nc3 Nd7 4. e4 Qc7 5. Be3 a5 6. Bd3 e5 7. Nge2 Ngf6 8. f3 g6 9. O-O Bg7 10. d5 O-O 11. Qd2 Nc5 12. Bc2 Nh5 13. g4 Nf6 14. Rac1 Bd7 15. Rcd1 Rfd8 16. b3 Be8 17. Ng3 cxd5 18. cxd5 b5 19. Rc1 b4 20. Nce2 Bb5 21. Bb1 Nfd7 22. Rfd1 Qb7 23. Nf1 Rdc8 24. Bf2 Bf6 25. h4 Bd8 26. Ne3 Bb6 27. Kg2 a4 28. Qb2 axb3 29. axb3 Ra3 30. Nc4 Rxb3 31. Qd2 Nxe4 32. Bxe4 Bxc4 33. Ng3 Bxf2 34. Qxf2 Ra3 35. Rd2 b3 36. h5 Ra2 37. Rcd1 Qb6 38. Qe1 Rxd2+ 39. Rxd2 Ra8 40. Bb1 Ra1 41. hxg6 hxg6 42. Rd1 b2 43. Ne4 Ba2 44. Bxa2 Rxa2 45. Rb1 Qd4 46. Qh4 Qd3 47. Qd8+ Kg7 48. Nxd6 Ra8 49. Qe7 Qc2+ 50. Kg3 Rf8 51. Nf5+ Kg8 52. Nh6+ Kh7 53. Nxf7 Qc5 54. Ng5+ Kh6 55. Rh1# 1-0


[Site "https://www.chess.com"]

[Event "Titled Tuesday Blitz November 29 Early 2022"]
[White "Sai Han Thiha"]
[Black "Vasques, Antonio Pedro Freixial"]
[WhiteFideId "13012290"]
[BlackFideId "1908332"]
[WhiteElo "2023"]
[BlackElo "2243"]
[Result "1-0"]
[Round "07"]
[TimeControl "180+1"]
[Date "2022.11.30"]
[WhiteClock "0:01:11"]
[BlackClock "0:00:14"]

1. d4 Nf6 2. c4 e6 3. Nf3 Bb4+ 4. Bd2 c5 5. Bxb4 cxb4 6. a3 bxa3 7. Rxa3 O-O 8. Nc3 d6 9. e4 e5 10. dxe5 dxe5 11. Qxd8 Rxd8 12. Nxe5 Re8 13. f4 Nbd7 14. Nxd7 Bxd7 15. e5 Nh5 16. Nd5 Rac8 17. Be2 Nxf4 18. Nxf4 Rxe5 19. Kf2 a6 20. Nd5 Bc6 21. Re3 Rf5+ 22. Rf3 Re5 23. Re3 Rf5+ 24. Bf3 Bxd5 25. cxd5 Rc2+ 26. Re2 1-0


[Site "https://www.chess.com"]

[Event "Titled Tuesday Blitz November 29 Early 2022"]
[White "Salman, Pavel"]
[Black "Zivkovic, Nemanja"]
[WhiteFideId "24153753"]
[BlackFideId "942154"]
[WhiteElo "2187"]
[BlackElo "2372"]
[Result "1-0"]
[Round "07"]
[TimeControl "180+1"]
[Date "2022.11.30"]
[WhiteClock "0:00:04"]
[BlackClock "0:00:20"]

1. Nf3 Nf6 2. g3 e6 3. Bg2 d5 4. O-O Be7 5. d3 c5 6. Nbd2 O-O 7. e4 Nc6 8. Re1 Qc7 9. Qe2 Rd8 10. e5 Nd7 11. Nf1 b5 12. Bf4 h6 13. h4 Nf8 14. h5 Nh7 15. Qd2 a5 16. Ne3 Bf8 17. g4 Bb7 18. Nf1 b4 19. Kh1 a4 20. a3 Rdc8 21. g5 hxg5 22. Bxg5 Nxg5 23. Qxg5 bxa3 24. bxa3 Nd4 25. Nxd4 cxd4 26. h6 g6 27. Ra2 Qe7 28. Qg4 Bxh6 29. Qxd4 Bc6 30. Ng3 Be8 31. c4 dxc4 32. Bxa8 Rxa8 33. dxc4 Rc8 34. Kg1 Bf8 35. Ne4 Bh6 36. Nf6+ Kg7 37. Re4 Bc6 38. Rh4 Rh8 39. f3 Bxf3 40. Rah2 Qxa3 41. Rxh6 Rxh6 42. Ne8+ Kf8 43. Rxh6 Qc1+ 44. Kf2 Qxh6 45. Nf6 Qh3 46. Qd8+ Kg7 47. Qg8+ Kh6 48. Qh8+ 1-0


[Site "https://www.chess.com"]